 Dungeon Crawl Stone Soup version 0.28.0-47-ge53b351184 (webtiles) character file.

Game seed: 16277651506754761562

374 GigaChad the Covered (level 6, -11/53 HPs)
             Began as a Minotaur Fighter on Apr 25, 2022.
             Was an Initiate of Ru.
             Killed by divine providence
             ... invoked by an orc priest
              (17 damage)
             ... on level 4 of the Dungeon.
             The game lasted 00:08:58 (2705 turns).

GigaChad the Covered (Minotaur Fighter)             Turns: 2705, Time: 00:08:59

Health: -11/53     AC:  7    Str: 20    XL:     6   Next: 43%
Magic:  5/5        EV: 10    Int:  5    God:    Ru [......]
Gold:   158        SH:  0    Dex: 12    Spells: 5/5 levels left

rFire   . . .      SeeInvis .   v - +1 quarterstaff (spect)
rCold   . . .      Faith    .   (shield currently unavailable)
rNeg    . . .      Spirit   .   b - +0 scale mail
rPois   .          Reflect  .   (helmet restricted)
rElec   .          Harm     .   (no cloak)
rCorr   .          Rampage  .   (no gloves)
Will    .....                   (no boots)
Stlth   ..........              (no amulet)
HPRegen 0.17/turn               (no ring)
MPRegen 0.09/turn               (no ring)

@: no status effects
A: horns 2, retaliatory headbutt
a: Renounce Religion


You were on level 4 of the Dungeon.
You worshipped Ru.
Ru was noncommittal.
You visited 1 branch of the dungeon, and saw 4 of its levels.

You collected 158 gold pieces.

Inventory:

Hand Weapons
 a - a +0 long sword
 p - a +0 falchion
 v - a +1 spectral quarterstaff (weapon)
Missiles
 k - 20 arrows
Armour
 b - a +0 scale mail (worn)
 c - a +0 buckler
 q - a +0 animal skin
 s - a +0 kite shield
Wands
 r - a wand of flame (14)
Scrolls
 e - a scroll of identify
 g - a scroll of immolation {unknown}
 j - a scroll of brand weapon {unknown}
 m - 2 scrolls of teleportation {unknown}
 n - a scroll of fog {unknown}
 o - a scroll of vulnerability {unknown}
 u - a scroll of amnesia {unknown}
Potions
 d - a potion of might
 f - a potion of brilliance
 h - 2 potions of resistance {unknown}
 i - a potion of haste {unknown}
 l - 3 potions of degeneration {unknown}
 t - a potion of magic {unknown}


   Skills:
 + Level 4.6 Fighting
 + Level 4.9 Long Blades
 + Level 5.6 Armour
 + Level 1.3 Dodging
 + Level 0.5 Stealth
 + Level 5.0 Shields


You had 5 spell levels left.
You didn't know any spells.
Your spell library was empty.

Dungeon Overview and Level Annotations

Branches:
Dungeon (4/15)
 Temple: D:4-7

Altars:
Ru
Beogh


Innate Abilities, Weirdness & Mutations

You have a pair of horns on your head.
You reflexively headbutt those who attack you in melee.


Message History

Things that are here:
a +0 dagger; a +0 robe; an orc corpse You feel very sick.
The orc priest casts a cantrip, but nothing happens.
You feel sick.
The orc priest invokes the aid of Beogh against you.
You hear some strange, mumbled words.
A puff of flame appears from out of thin air!
The puff of flame hits you.
You see here 26 stones.
You feel sick.
The orc priest calls down the wrath of Beogh upon you.
Something writhes in agony!
You miss something.
Your +1 spectral quarterstaff hits something!
Reactivating autopickup.
You feel a bit more experienced.
You feel sick.
You sock the orc!
You kill the orc!
You feel sick.
You feel sick. The orc priest barely misses you. You furiously retaliate!
You headbutt the orc priest, but do no damage.
Items here: ( )) [[ †.
You feel sick.
You are no longer poisoned.
The orc priest invokes the aid of Beogh against you.
Beogh smites you!
* * * LOW HITPOINT WARNING * * *
The orc priest looks satisfied for a moment.
Items here: ( )) [[ †.
The orc priest hits you with a +0 morningstar.
* * * LOW HITPOINT WARNING * * *
You hit the orc priest.
The orc priest is moderately wounded.
Your +1 spectral quarterstaff misses the orc priest.
The orc priest hits you with a +0 morningstar.
* * * LOW HITPOINT WARNING * * *
The orc priest mumbles some strange prayers to Beogh against you.
Beogh smites you!
You die...

#...#.# #.# #...#
#.# +...+ #.# #
#...### #..
#.#.....#.#..
...##.#.......#..
........†.......>
#..##.#.###.###..
...#(@# .# . #..#
##o# .# ....
#...### .$.
#$8.8$# . #...$.#
#$8$8$# ##$_$##
#####


You could see an orc priest and a friendly +1 spectral quarterstaff (summoned).

Vanquished Creatures
  Grinder (D:3)
  Natasha (D:3)
  2 orc wizards (D:4)
  A hound skeleton (D:3)
  4 adders
  A worm (D:3)
  A dart slug (D:1)
  An orc (D:4)
  8 bats
  3 endoplasms
  3 giant cockroaches
  6 goblins
  4 hobgoblins
  10 jackals
  8 kobolds
  3 quokkas
  3 ball pythons
  4 frilled lizards
  5 rats
69 creatures vanquished.

Vanquished Creatures (others)
  Robin (D:2)
  6 goblins (D:2)
  3 hobgoblins (D:2)
10 creatures vanquished.

Grand Total: 79 creatures vanquished

Notes
Turn   | Place    | Note
-------+----------+-------------------------------------------
     0 | D:1      | GigaChad the Minotaur Fighter began the quest for the Orb.
     0 | D:1      | Reached XP level 1. HP: 19/19 MP: 0/0
     5 | D:1      | You fall into a shaft and drop 1 floor!
   249 | D:1      | Reached XP level 2. HP: 23/27 MP: 1/1
   582 | D:1      | Reached XP level 3. HP: 33/33 MP: 2/2
  1463 | D:2      | Killed Robin
  1494 | D:2      | Reached XP level 4. HP: 22/40 MP: 3/3
  1982 | D:3      | Found a sacrificial altar of Ru.
  1998 | D:3      | Became a worshipper of Ru the Awakened
  2031 | D:3      | Found a faded altar of an unknown god.
  2231 | D:3      | Noticed Grinder
  2244 | D:3      | Paralysed by Grinder for 2 turns
  2246 | D:3      | Killed Grinder
  2247 | D:3      | Reached skill level 5 in Armour
  2247 | D:3      | Reached skill level 1 in Dodging
  2247 | D:3      | Reached XP level 5. HP: 4/47 MP: 4/4
  2247 | D:3      | Reached XP level 6. HP: 4/53 MP: 5/5
  2541 | D:3      | Noticed Natasha
  2555 | D:3      | Killed Natasha
  2680 | D:4      | Reached skill level 5 in Shields
  2705 | D:4      | Killed from afar by an orc priest

Illustrated notes

Levels and vault maps discovered:
D:1:      minmay_arrival_wavy_path, layout_basic
D:2:      layout_loops_corners, lemuel_old_faithful, uniq_robin
D:3:      layout_rooms, mainiacjoe_overflow_concentric_impassable,
          basic_ecumenical_altar, uniq_natasha, uniq_crazy_yiuf_cottage,
          uniq_grinder
D:4:      layout_basic, nicolae_tso_swordbearing_angel,
          minmay_temple_entry_statues_pillars, kennysheep_orc_chapel

Skill      XL: |  1  2  3  4  5  6 |
---------------+-------------------+-----
Fighting       | 4 |  4.6
Shields        | 4 5 |  5.0
Armour         | 4 5 |  5.6
Long Blades    | 3 4 |  4.9
Dodging        | 1 |  1.3
Stealth        | |  0.5

Action                   |  1- 3 |  4- 6 || total
-------------------------+-------+-------++-------
Melee: Long sword        |    98 |    47 ||   145
       Headbutt          |     9 |     8 ||    17
       Quarterstaff      |       |     9 ||     9
  Use: Scroll            |     1 |       ||     1
Armor: Scale mail        |    67 |    28 ||    95
Dodge: Dodged            |    68 |    32 ||   100
Block: Buckler           |    46 |    13 ||    59
